 Dungeon Crawl Stone Soup version 0.24.1-8-ga250c9d538 (webtiles) character file.

Game seed: 14392169205829821525, levelgen mode: deterministic

713 Hugehornet the Insei (level 7, -1/42 (43) HPs)
             Began as an Octopode Transmuter on May 4, 2020.
             Was an Initiate of Cheibriados.
             Killed by nerve-wracking pain
             ... invoked by Menkaure
              (14 damage)
             ... on level 4 of the Dungeon.
             The game lasted 00:09:30 (4326 turns).

Hugehornet the Insei (Octopode Transmuter)          Turns: 4326, Time: 00:09:30

HP:   -1/42 (43)    AC:  1    Str: 11    XL:     7   Next: 69%
MP:   5/10          EV: 13    Int: 18    God:    Cheibriados [......]
Gold: 190           SH:  0    Dex: 13    Spells: 5/11 levels left

rFire    + . .     SeeInvis .     - Unarmed
rCold    . . .     Gourm    .   (no shield)
rNeg     . . .     Faith    .   (helmet restricted)
rPois    .         Spirit   .   (no amulet)
rElec    .         Reflect  .   f - ring of protection from fire
rCorr    .         Harm     .   (no ring)
MR       .....                  (no ring)
Stlth    +++.......             (no ring)
HPRegen  0.14/turn              (no ring)
MPRegen  0.12/turn              (no ring)
                                (no ring)
                                (no ring)

@: appendage, very slow
A: almost no armour, stealthy swim, amphibious, 8 rings, constrict 8, tentacle
spike 3, camouflage 1, gelatinous body 1
a: End Transformation, Bend Time, Renounce Religion


You were on level 4 of the Dungeon.
You worshipped Cheibriados.
Cheibriados was noncommittal.
You were hungry.
One of your tentacles had a temporary spike.
You visited 2 branches of the dungeon, and saw 5 of its levels.

You collected 190 gold pieces.

Inventory:

Missiles
 a - 28 arrows
Armour
 e - a +0 large shield
Jewellery
 f - a ring of protection from fire (left tentacle)
Scrolls
 d - 4 scrolls of remove curse
Potions
 b - 2 potions of curing
 g - a potion of haste {unknown}
 i - a potion of degeneration {unknown}
 j - 2 potions of heal wounds {unknown}
 k - a potion of mutation {unknown}
 l - a potion of magic {unknown}
 n - a potion of might {unknown}
 o - a potion of brilliance {unknown}
Comestibles
 c - 2 rations


   Skills:
 - Level 1.0 Fighting
 - Level 2.0 Dodging
 - Level 3.1 Stealth
 * Level 5.8 Unarmed Combat
 + Level 2.6 Spellcasting
 * Level 5.6 Transmutations
 - Level 2.0 Poison Magic


You had 5 spell levels left.
You knew the following spells:

 Your Spells              Type           Power        Failure   Level  Hunger
a - Beastly Appendage     Tmut           ###...       1%          1    #......
b - Sticks to Snakes      Tmut           ###.....     2%          2    ##.....
c - Spider Form           Tmut/Pois      ###.......   11%         3    ###....

Your spell library contained the following spells:

 Spells                   Type           Power        Failure   Level  Hunger
 Blade Hands              Tmut           ###.......   43%         5    ######.
 Ice Form                 Ice/Tmut       ##......     47%         4    #####..


Dungeon Overview and Level Annotations

Branches:
Dungeon (4/15)             Temple (1/1) D:4

Altars:
Cheibriados
Dithmenos
Elyvilon
Fedhas
Gozag
Hepliaklqana
Kikubaaqudgha
Nemelex Xobeh
Okawaru
Ru
Trog
Uskayaw
Vehumet
Wu Jian
Xom
Yredelemnul
Zin
The Shining One

Annotations:
D:4 Menkaure


Innate Abilities, Weirdness & Mutations

You cannot wear most types of armour.
You are very stealthy in the water. (Stealth+)
You are amphibious.
You can wear up to eight rings at the same time.
You can use your tentacles to constrict eight enemies at once.
Your skin changes colour to match your surroundings (Stealth+).
Your rubbery body absorbs attacks. (AC +1, EV +1)
One of your tentacles bears a large vicious spike.


Message History

Menkaure closely misses your ball python.
Your ball python bites Menkaure but does no damage. x2
Your ball python constricts Menkaure.
Menkaure calls on the powers of darkness!
Your body is wracked with pain!
* * * LOW HITPOINT WARNING * * *
Casting: Sticks to Snakes (safe; 2% risk of failure)
Confirm with . or Enter, or press ? or * to list all spells.
One of your tentacles grows a vicious spike.
Your ball python bites Menkaure but does no damage.
Your ball python constricts Menkaure.
Your ball python bites Menkaure but does no damage.
Menkaure barely misses your ball python.
Your ball python bites Menkaure but does no damage. x2
Your ball python constricts Menkaure.
You swap places.
Menkaure completely misses you.
Your ball python bites Menkaure.
Your ball python constricts Menkaure.
Menkaure gestures at you while chanting.
Pain shoots through your body!
You die...

########### ..........########
#######........... # ####.######
#### ##########.....#####.(.(
........................
###############......... #
#####..SM...... #
#####.....#@################
######..........SS[..............
##.....#...#####.################
...####..### ##.# ### ...####.##
#..# #.##
........#######.############ #..#
...........................###..#
...#########.#############......#
...# #..# ####...#


You could see Menkaure, a friendly adder and 2 friendly ball pythons.

Vanquished Creatures
  Sigmund (D:3)
  Edmund (D:4)
  A necrophage (D:2)
  Blork the orc (D:4)
  A howler monkey (D:4)
  A hound (D:4)
  An orc priest (D:4)
  Jessica (D:2)
  Natasha (thrice) (D:2)
  3 adders
  A gnoll (D:1)
  An ooze (D:1)
  A worm (D:3)
  A dart slug (D:3)
  3 orcs (D:3)
  2 ball pythons
  2 giant cockroaches
  2 goblins
  5 hobgoblins
  6 jackals
  2 bats
  A frilled lizard (D:4)
  7 kobolds
  A leopard gecko skeleton (D:4)
  6 rats
  A plant (D:1)
56 creatures vanquished.

Notes
Turn   | Place    | Note
-------+----------+-------------------------------------------
     0 | D:1      | Hugehornet the Octopode Transmuter began the quest for the
                  | Orb.
     0 | D:1      | Reached XP level 1. HP: 13/13 MP: 3/3
   123 | D:1      | Reached skill level 1 in Stealth
   129 | D:1      | Reached XP level 2. HP: 14/18 MP: 1/5
   454 | D:1      | Reached XP level 3. HP: 18/23 MP: 4/6
   458 | D:1      | Learned a level 2 spell: Sticks to Snakes
   462 | D:1      | Learned a level 3 spell: Spider Form
   961 | D:2      | Noticed Jessica
   967 | D:2      | Killed Jessica
  1005 | D:2      | Noticed Natasha
  1045 | D:2      | Killed Natasha
  1045 | D:2      | Reached skill level 1 in Poison Magic
  1045 | D:2      | Reached XP level 4. HP: 19/28 MP: 3/7
  1202 | D:2      | Noticed a necrophage
  1222 | D:2      | Killed a necrophage
  1222 | D:2      | Reached XP level 5. HP: 9/32 MP: 8/8
  1974 | D:2      | Noticed Natasha
  1983 | D:2      | Killed Natasha
  2179 | D:2      | Noticed Natasha
  2190 | D:2      | Killed Natasha
  2190 | D:2      | Reached XP level 6. HP: 18/37 MP: 6/9
  2417 | D:3      | Noticed Sigmund
  2520 | D:3      | Killed Sigmund
  2520 | D:3      | Reached skill level 5 in Unarmed Combat
  2820 | D:3      | Found a sacrificial altar of Ru.
  2828 | D:3      | Found a basalt altar of Yredelemnul.
  2897 | D:3      | Found a faded altar of an unknown god.
  3245 | D:4      | Noticed Blork the orc
  3488 | D:4      | Found a staircase to the Ecumenical Temple.
  3495 | D:4      | Reached skill level 5 in Transmutations
  3495 | D:4      | Reached XP level 7. HP: 13/42 MP: 6/10
  3714 | Temple   | Entered the Ecumenical Temple
  3815 | Temple   | Became a worshipper of Cheibriados the Contemplative
  3920 | D:4      | Noticed Edmund
  3939 | D:4      | Killed Edmund
  4151 | D:4      | Killed Blork the orc
  4291 | D:4      | Noticed Menkaure
  4326 | D:4      | Killed from afar by Menkaure

Levels and vault maps discovered:
D:1:      tarquinn_simple_flora_water_e, layout_basic, serial_forest,
          infiniplex_forest_zigzag_2, infiniplex_forest_3_way,
          infiniplex_forest_clump_curved, infiniplex_forest_end_2,
          infiniplex_forest_lined_2, infiniplex_forest_lined_3
D:2:      layout_rooms, minmay_bisected, uniq_jessica, uniq_natasha
D:3:      layout_rooms, overflow_temple_1_default, nicolae_ru_path_of_blood,
          chequers_ecumenical_altar_simple, uniq_sigmund
D:4:      layout_rooms, minmay_temple_entry_proselytizer, serial_bayou_pond_c,
          uniq_edmund, uniq_menkaure, uniq_blork_the_orc
Temple:   eino_temple_scatter_basement

Skill      XL: |  1  2  3  4  5  6 |
---------------+-------------------+-----
Stealth        | 1 2 3 |  3.1
Transmutations | 3 4 5 |  5.6
Poison Magic   | 1 2 |  2.0
Unarmed Combat | 4 5 |  5.8
Fighting       | |  1.0
Dodging        | |  2.0
Spellcasting   | |  2.6

Action                   |  1- 3 |  4- 6 |  7- 9 || total
-------------------------+-------+-------+-------++-------
Melee: Unarmed           |    81 |    72 |    24 ||   177
       Constrict         |    14 |    13 |       ||    27
       Tentacles         |    11 |     5 |       ||    16
       Kick              |    11 |    17 |       ||    28
 Cast: Beastly Appendage |    13 |    15 |     2 ||    30
       Spider Form       |     1 |     6 |     2 ||     9
       Sticks to Snakes  |       |       |     3 ||     3
  Use: Scroll            |       |     6 |     1 ||     7
 Stab: Sleeping          |     5 |     5 |       ||    10
  Eat: Chunk             |     1 |     9 |     2 ||    12
Armor: Skin              |       |     3 |     1 ||     4
Dodge: Dodged            |    23 |    32 |    17 ||    72
